 Dungeon Crawl Stone Soup version 0.26-a0-845-gfacbca91cf (webtiles) character file.

Game seed: 11786093426790222021

31 RaHiT the Sneak (level 3, -3/26 HPs)
             Began as an Octopode Delver on Nov 19, 2020.
             Slain by a hound (4 damage)
             ... on level 5 of the Dungeon.
             The game lasted 00:02:39 (79 turns).

RaHiT the Sneak (Octopode Delver)                     Turns: 79, Time: 00:02:39

Health: -3/26      AC:  1    Str: 11    XL:     3   Next: 22%
Magic:  3/4        EV: 13    Int: 13    God:
Gold:   0          SH:  0    Dex: 13    Spells: 4/4 levels left

rFire    . . .     SeeInvis .     - Unarmed
rCold    . . .     Faith    .   (no shield)
rNeg     . . .     Spirit   .   (helmet restricted)
rPois    .         Reflect  .   (no amulet)
rElec    .         Harm     .   (no ring)
rCorr    .         Rampage  .   (no ring)
MR       .....                  (no ring)
Stlth    ++++......             (no ring)
HPRegen  0.08/turn              (no ring)
MPRegen  0.09/turn              (no ring)
                                (no ring)
                                (no ring)

@: hasted, very quick
A: almost no armour, stealthy swim, amphibious, 8 rings, constrict 8, camouflage
1, gelatinous body 1
a: no special abilities


You were on level 5 of the Dungeon.
You visited 1 branch of the dungeon, and saw 2 of its levels.

Inventory:

Wands
 e - a wand of digging (3)
Scrolls
 a - a scroll of fog
 c - a scroll of fear
Potions
 b - a potion of lignification {unknown}


   Skills:
 - Level 3.0 Fighting
 - Level 2.0 Dodging
 - Level 7.0 Stealth
 * Level 2.9 Unarmed Combat
 - Level 1.0 Spellcasting


You had 4 spell levels left.
You didn't know any spells.
Your spell library was empty.

Dungeon Overview and Level Annotations

Branches:
Dungeon (5/15)
 Temple: D:4-7

Altars:

Annotations:
D:4 Eustachio


Innate Abilities, Weirdness & Mutations

You cannot wear most types of armour.
You are very stealthy in the water. (Stealth+)
You are amphibious.
You can wear up to eight rings at the same time.
You can use your tentacles to constrict eight enemies at once.
Your skin changes colour to match your surroundings (Stealth+).
Your rubbery body absorbs attacks. (AC +1, EV +1)


Message History

Found a smoky green potion and 25 sling bullets.
A hound comes into view.
The hound barks!
The quokka closely misses you. The quokka barely misses you.
The quokka closely misses you.
You tentacle-slap the quokka but do no damage.
You grab the quokka.
You constrict the quokka, but do no damage.
The quokka bites you.
You barely miss the quokka. Your squeeze misses the quokka.
You constrict the quokka. The quokka bites you.
You tentacle-slap the quokka.
You kill the quokka!
You closely miss the hound. Your grab misses the hound.
Your squeeze misses the hound. The hound bites you.
* * * LOW HITPOINT WARNING * * *
The hound bites you.
* * * LOW HITPOINT WARNING * * *
You feel yourself speed up. The hound bites you.
You die...

# #.............# ...
#.#....####...#
....##...##..# #####
........####>##
.)..##...# #..#
#####.####.# ##.#
....... #.####†##
....... #...##..#
....(..#####@.##...#
....!......h#.####....
........................
##################.....S
....) ####


You could see a hound.

Vanquished Creatures
  A hound (D:5)
  A quokka (D:5)
  A frilled lizard (D:5)
3 creatures vanquished.

Notes
Turn   | Place    | Note
-------+----------+-------------------------------------------
     0 | D:5      | RaHiT the Octopode Delver began the quest for the Orb.
     0 | D:5      | Reached XP level 1. HP: 16/16 MP: 1/1
    16 | D:4      | Noticed Eustachio
    25 | D:5      | Noticed a hound
    48 | D:5      | Killed a hound
    49 | D:5      | Reached skill level 7 in Stealth
    49 | D:5      | Reached skill level 1 in Spellcasting
    49 | D:5      | Reached XP level 2. HP: 12/21 MP: 1/3
    49 | D:5      | Reached XP level 3. HP: 15/26 MP: 1/4
    78 | D:5      | HP: 1/26 [hound (4)]
    79 | D:5      | Slain by a hound

Illustrated notes

Levels and vault maps discovered:
D:4:      layout_gridville, overflow_temple_1_default,
          nicolae_ossuary_entry_giza, serial_bayou_pond_e, serial_bayou_pond_d,
          uniq_eustachio, uniq_robin
D:5:      layout_rooms, xom_redecorated

Skill      XL: |  1 |
---------------+----+-----
Stealth        | 7 |  7.0
Spellcasting   | 1 |  1.0
Fighting       | |  3.0
Dodging        | |  2.0
Unarmed Combat | |  2.9

Action                   || total
-------------------------++-------
Melee: Unarmed           ||    10
       Constrict         ||     3
       Punch             ||     1
       Tentacles         ||     1
  Use: Scroll            ||     1
       Potion            ||     1
 Stab: Sleeping          ||     2
Dodge: Dodged            ||     7

Table legend: (Time is in decaauts)
 A = Elapsed time spent in this place.
 B = Non-inter-level travel time spent in this place.
 C = Inter-level travel time spent in this place.
 D = Time resting spent in this place.
 E = Time spent auto-exploring this place.
 F = Levels seen in this place.
 G = Mean time per level.
                   A        B        C        D        E       F      G
               +--------+--------+--------+--------+--------+-----+--------+
         Total |     78 |     78 |      0 |      0 |      0 |   2 |   39.0 |
       Dungeon |     78 |     78 |      0 |      0 |      0 |   2 |   39.0 |
               +--------+--------+--------+--------+--------+-----+--------+

Top non-repeatable levels by time:
     D:5: 76 daAuts
     D:4: 2 daAuts
